 Dungeon Crawl Stone Soup version 0.18.1-48-g4cf74bf (webtiles) character file.

68990 Krapule the Blocker (level 15, -6/123 HPs)
             Began as a Formicid Fighter on June 30, 2016.
             Was a High Priest of Cheibriados.
             Mangled by a catoblepas (9 damage)
             ... on level 8 of the Lair of Beasts on July 1, 2016.
             The game lasted 01:35:38 (21426 turns).

Krapule the Blocker (Formicid Fighter)             Turns: 21426, Time: 01:35:38

Health: -6/123     AC: 19    Str: 40    XL:     15   Next: 72%
Magic:  23/23      EV:  2    Int: 21    God:    Cheibriados [*****.]
Gold:   1138       SH:  0    Dex: 23    Spells: 2 memorised, 17 levels left

rFire  . . .     SeeInvis +     S - +2 glaive (flame)
rCold  . . .     Gourm    .     A - +4 scale mail
rNeg   + + +     Faith    +     E - +0 large shield
rPois  ∞         Spirit   .     (helmet unavailable)
rElec  .         Dismiss  .     L - +0 cloak
rCorr  .         Reflect  .     (no gloves)
SustAt .         Harm     .     (no boots)
MR     +....                    W - amulet of faith
Stlth  +.........               n - +4 ring of evasion
                                H - +4 ring of protection

@: petrified, very slow, somewhat resistant to hostile enchantments, very
unstealthy
A: permanent stasis, dig shafts and tunnels, four strong arms, antennae 3
a: Dig, Shaft Self, Bend Time, Temporal Distortion, Slouch, Step From Time,
Renounce Religion


You were on level 8 of the Lair of Beasts.
You worshipped Cheibriados.
Cheibriados was extremely pleased with you.
You were very hungry.

You visited 2 branches of the dungeon, and saw 20 of its levels.
You also visited: Labyrinth and Ossuary.

You collected 1182 gold pieces.
You spent 44 gold pieces at shops.

Inventory:

Hand Weapons
 S - a +2 glaive of flaming (weapon)
 X - the cursed +13 Scythe of Curses {drain, *Curse}
   (You found it on level 4 of the Lair of Beasts)

   A truly terrible weapon, it drains the life of those it strikes.
   It may re-curse itself when equipped.
   It has a curse placed upon it.
Armour
 c - a +0 shield
 A - a +4 scale mail (worn)
 E - a +0 large shield (worn)
 L - a +0 cloak (worn)
Rods
 I - a +5 rod of inaccuracy (10/10)
   (You took it off a minotaur in a labyrinth)
Jewellery
 b - the ring "Leodacwa" {+Fly rElec rF- rC+ Dex+3}
   (You found it on level 6 of the Dungeon)

   [ring of protection from cold]

   It affects your dexterity (+3).
   It makes you vulnerable to fire.
   It protects you from cold.
   It insulates you from electricity.
   It lets you fly.
 h - an uncursed amulet of magic regeneration
 n - a +4 ring of evasion (right hand)
 o - a +2 ring of slaying
 r - an uncursed ring of sustain attributes
 H - a +4 ring of protection (left hand)
 R - an uncursed ring of positive energy
 W - an amulet of faith (around neck)
Wands
 j - a wand of flame (31/48)
 v - a wand of digging (8/24)
 F - a wand of lightning (6/15)
 K - a wand of iceblast (6/15)
 M - a wand of teleportation (5/9)
 U - a wand of lightning (5/15)
Scrolls
 g - 4 scrolls of identify
 k - a scroll of amnesia
 m - 5 scrolls of fear
 y - 2 scrolls of magic mapping
 z - 5 scrolls of remove curse
 B - a scroll of enchant weapon
 P - 2 scrolls of fog
Potions
 d - 2 potions of might
 e - 3 potions of invisibility
 i - 2 potions of agility
 t - a potion of cancellation
 u - 5 potions of curing
 w - 4 potions of heal wounds
 x - 6 potions of lignification
 C - 6 potions of brilliance
 N - 3 potions of ambrosia
 Q - 3 potions of flight
Books
 l - a book of Conjurations

   Spells                             Type                      Level
   a - Magic Dart                     Conjuration                  1
   b - Searing Ray                    Conjuration                  2
   c - Dazzling Spray                 Conjuration/Hexes            3
   d - Fulminant Prism                Conjuration/Hexes            4
   e - Iskenderun's Mystic Blast      Conjuration                  4
   f - Iskenderun's Battlesphere      Conjuration/Charms           5
 q - a book of Unlife

   Spells                             Type                      Level
   a - Recall                         Summoning/Translocation      3
   b - Animate Dead                   Necromancy                   4
   c - Control Undead                 Necromancy                   4
   d - Cigotuvi's Embrace             Necromancy                   5
   e - Death Channel                  Necromancy                   6
   f - Simulacrum                     Ice/Necromancy               6
Comestibles
 a - 3 fruits
 f - 10 bread rations
 p - 2 slices of pizza
 s - a beef jerky
 T - a royal jelly


   Skills:
 + Level 13.1 Fighting
 + Level 9.4 Polearms
 + Level 12.9 Armour
 + Level 7.3 Dodging
 + Level 13.7 Shields
 + Level 4.8 Spellcasting
 * Level 6.8 Hexes
 * Level 5.9 Summonings
 + Level 10.7 Invocations


You had 17 spell levels left.
You knew the following spells:

 Your Spells              Type           Power        Failure   Level  Hunger
a - Summon Butterflies    Summ           ####....     1%          1    None
b - Summon Mana Viper     Hex/Summ       ####....     45%         5    #####..


Dungeon Overview and Level Annotations

Branches:
Dungeon (12/15)            Temple (0/1) D:7            Lair (8/8) D:9
  Swamp (0/4) Lair:5       Spider (0/4) Lair:3        Slime (0/6) Lair:8
    Orc (0/2) D:11

Altars:
Cheibriados
Dithmenos
Elyvilon
Fedhas
Gozag
Kikubaaqudgha
Pakellas
Qazlal
Vehumet
Xom
The Shining One

Shops:
D:11 ?


Innate Abilities, Weirdness & Mutations

You are under a permanent stasis effect.
You can dig through walls and to a lower floor.
Your four strong arms can wield two-handed weapons with a shield.
You have a pair of large antennae on your head (SInv).


Message History

Your limbs are stiffening.
The catoblepas breathes a plume of calcifying dust at you.
The blast of calcifying dust hits you!
The death yak is engulfed in calcifying dust.
The death yak stops moving altogether!
The catoblepas gores you.
* * * LOW HITPOINT WARNING * * *
You have turned to stone.
You are engulfed in calcifying dust.
The catoblepas gores you!!
* * * LOW HITPOINT WARNING * * *
You are engulfed in calcifying dust.
The catoblepas gores you!
* * * LOW HITPOINT WARNING * * *
You are engulfed in calcifying dust.
The fungus is no longer petrified.
The catoblepas gores you but does no damage.
You are engulfed in calcifying dust. x2
The catoblepas gores you.
* * * LOW HITPOINT WARNING * * *
The death yak gores you!
* * * LOW HITPOINT WARNING * * *
The catoblepas gores you!!
You die...

#P.P.PPPP.........##P.P
##PP.P.P.....#..#...PPP
#.PPP.P...#........÷..
###PPPP....#...<......
##P.................
#..................
######......P...........
##...#.YY................
#.#....P@<..............)
##.P..Y.P..........#.....
#..PP.#..#..##...........
##....#########P........P
#..PP# ##...>..... #...##
#......... ## ###...#
#.....#... #.####.#...#
####........ #..........#
#..#........


You could see 2 death yaks and a catoblepas.

Vanquished Creatures
  Azrael (D:12)
  Snorg (D:12)
  A minotaur (Lab)
  4 hydras
  A centaur warrior (D:10)
  15 death yaks
  3 skeletal warriors (D:11)
  2 unseen horrors (Lab)
  Pikel (D:8)
  3 hill giants
  A griffon (Lair:7)
  A cyclops (D:12)
  A wolf spider (Lair:3)
  4 ugly things
  2 manticores (D:11)
  7 elephants
  A centaur zombie (D:10)
  9 black mambas
  18 spiny frogs
  9 komodo dragons
  2 centaur skeletons
  2 kobold demonologists (D:11)
  A troll (D:9)
  2 giant leeches (Lair:5)
  A minotaur skeleton (Lab)
  2 jumping spiders (Lair:3)
  11 blink frogs
  2 two-headed ogres
  2 polar bears
  2 boulder beetles
  An air elemental (D:11)
  A spriggan (D:10)
  Sigmund (D:3)
  A centaur simulacrum (D:11)
  3 redbacks
  4 fire elementals
  27 yaks
  6 basilisks
  A wyvern (D:12)
  The ghost of Freeplumber the Digger, an amateur DDEE of Pakellas (D:3)
  2 wraiths (Ossuary)
  6 hippogriffs
  Grum (Lair:1)
  5 hungry ghosts
  A mottled dragon (D:12)
  15 porcupines
  Duvessa (D:7)
  17 water moccasins
  3 hell hounds (D:12)
  12 orc warriors
  7 ice beasts
  2 slaves (D:6)
  3 black bears
  A wasp (D:11)
  6 ogres
  6 necrophages (Lair:7)
  2 sky beasts (D:5)
  An eye of draining (D:10)
  2 phantoms
  41 wolves
  8 centaurs
  22 crocodiles
  3 big kobolds (D:11)
  17 giant frogs
  Dowan (D:7)
  2 earth elementals
  A gnoll sergeant (D:11)
  A wyvern zombie (D:8)
  5 scorpions
  A wyvern skeleton (D:9)
  12 killer bees
  A troll skeleton (Lab)
  6 wights
  3 electric eels
  2 giant frog zombies (D:11)
  7 crimson imps
  2 jellies
  9 orc priests
  9 hounds
  A water moccasin simulacrum (D:11)
  22 orc wizards
  2 giant frog skeletons
  5 iguanas
  10 worker ants
  Terence (D:3)
  11 sheep
  A wasp simulacrum (D:11)
  A hound zombie (D:5)
  A hound skeleton (D:11)
  2 killer bee simulacra (D:11)
  A worker ant zombie (D:9)
  8 gnolls
  11 adders
  65 river rats
  A shadow imp (D:5)
  2 white imps (D:11)
  4 ufetubi (D:11)
  2 oozes (D:3)
  An adder skeleton (D:6)
  3 adder zombies (Ossuary)
  3 worms
  3 dart slugs
  5 giant geckos
  60 orcs
  10 bats
  6 giant cockroaches
  5 goblins
  8 hobgoblins
  8 jackals
  12 kobolds
  4 quokkas
  A ball python (D:4)
  A ball python skeleton (Ossuary)
  A giant gecko skeleton (D:4)
  5 giant newts
  2 hobgoblin skeletons (Ossuary)
  A jackal skeleton (D:6)
  A kobold zombie (Ossuary)
  2 orc skeletons (Ossuary)
  8 rats
705 creatures vanquished.

Vanquished Creatures (others)
  A water elemental (D:11)
  A human (D:6)
  An orc wizard (D:10)
  30 fungi
  14 plants
47 creatures vanquished.

Grand Total: 752 creatures vanquished

Notes
Turn   | Place    | Note
--------------------------------------------------------------
     0 | D:1      | Krapule the Formicid Fighter began the quest for the Orb.
     0 | D:1      | Reached XP level 1. HP: 18/18 MP: 1/1
   224 | D:1      | Reached XP level 2. HP: 22/24 MP: 2/2
   434 | D:1      | Found a snail-covered altar of Cheibriados.
   448 | D:1      | Became a worshipper of Cheibriados the Contemplative
   648 | D:2      | Reached XP level 3. HP: 29/29 MP: 3/3
   945 | D:2      | Reached * piety under Cheibriados
   945 | D:2      | Reached skill level 1 in Invocations
  1046 | D:2      | Reached XP level 4. HP: 36/36 MP: 4/4
  1133 | D:2      | Reached skill level 1 in Dodging
  1387 | D:3      | Found an oddly glowing altar of Pakellas.
  1396 | D:3      | Noticed Freeplumber's ghost (amateur DDEE)
  1400 | D:3      | Noticed Terence
  1420 | D:3      | Killed Freeplumber's ghost
  1420 | D:3      | Reached XP level 5. HP: 26/42 MP: 6/6
  1420 | D:3      | Reached XP level 6. HP: 30/48 MP: 7/7
  1423 | D:3      | Killed Terence
  1423 | D:3      | Reached ** piety under Cheibriados
  1700 | D:3      | Found a blossoming altar of Fedhas.
  1704 | D:3      | Noticed Sigmund
  1724 | D:3      | Killed Sigmund
  1724 | D:3      | Reached XP level 7. HP: 55/55 MP: 7/9
  1806 | D:3      | Reached skill level 5 in Shields
  1812 | D:3      | Found a shimmering altar of Xom.
  1965 | D:4      | Found a sand-covered staircase.
  1986 | D:3      | HP: 1/55 [orc/mace (4)]
  2375 | D:4      | Reached skill level 5 in Armour
  2491 | D:4      | Reached skill level 5 in Fighting
  2510 | D:4      | Reached *** piety under Cheibriados
  2510 | D:4      | Reached XP level 8. HP: 13/62 MP: 9/11
  2809 | D:4      | Found a white marble altar of Elyvilon.
  3068 | D:5      | Entered Level 5 of the Dungeon
  3624 | D:5      | Reached skill level 5 in Invocations
  3824 | D:5      | Reached XP level 9. HP: 69/69 MP: 12/12
  3828 | D:5      | Reached **** piety under Cheibriados
  4075 | D:6      | Got a slimy lapis lazuli ring
  4077 | D:6      | Identified the ring "Leodacwa" {+Fly rElec rF- rC+ Dex+3} (You found it on level 6 of the Dungeon)
  4714 | D:6      | Found a glowing golden altar of the Shining One.
  4787 | D:6      | Found an ancient bone altar of Kikubaaqudgha.
  4932 | D:7      | Found a staircase to the Ecumenical Temple.
  4941 | D:7      | Noticed Dowan
  4943 | D:7      | Noticed Duvessa
  4988 | D:7      | Killed Duvessa
  4995 | D:7      | Killed Dowan
  5269 | D:7      | Noticed Pikel
  5283 | D:8      | Killed Pikel
  5283 | D:8      | Reached XP level 10. HP: 69/79 MP: 14/14
  5364 | D:8      | Reached skill level 5 in Polearms
  5443 | D:8      | Found a sand-covered staircase.
  5450 | Ossuary  | Entered an ossuary
  5500 | Ossuary  | Reached ***** piety under Cheibriados
  5752 | D:8      | Found a shadowy altar of Dithmenos.
  5816 | D:8      | Found a stormy altar of Qazlal.
  5839 | D:8      | Found a radiant altar of Vehumet.
  6729 | D:9      | Found a staircase to the Lair.
  7442 | D:10     | Entered Level 10 of the Dungeon
  7545 | D:10     | Reached XP level 11. HP: 82/87 MP: 16/16
  7631 | D:10     | Noticed a centaur warrior
  7641 | D:10     | Killed a centaur warrior
  7641 | D:10     | Reached ****** piety under Cheibriados
  7993 | D:10     | Reached skill level 10 in Shields
  8637 | D:11     | Found a labyrinth entrance.
  8648 | Lab      | Entered a labyrinth
  8956 | Lab      | Noticed an unseen horror
  8959 | Lab      | Noticed an unseen horror
  8964 | Lab      | Killed an unseen horror
  8976 | Lab      | Killed an unseen horror
  9139 | Lab      | Reached skill level 10 in Fighting
  9329 | Lab      | Noticed a minotaur
  9336 | Lab      | Killed a minotaur
  9336 | Lab      | Reached skill level 10 in Armour
  9336 | Lab      | Reached XP level 12. HP: 56/97 MP: 18/18
  9397 | D:11     | Found Agireask's Magic Scroll Emporium.
  9407 | D:11     | Bought a scroll of identify for 22 gold pieces
  9407 | D:11     | Bought a scroll of identify for 22 gold pieces
 10098 | D:11     | Reached skill level 5 in Dodging
 10664 | D:11     | Found a large runed door.
 10664 | D:11     | Found a large runed door.
 10711 | D:11     | Noticed a sun demon
 11464 | D:11     | Noticed a skeletal warrior
 11480 | D:11     | Killed a skeletal warrior
 11667 | D:11     | Noticed a skeletal warrior
 11669 | D:11     | Noticed a skeletal warrior
 11722 | D:12     | Reached XP level 13. HP: 82/106 MP: 19/19
 12228 | D:11     | Found a staircase to the Orcish Mines.
 12698 | D:12     | Found an opulent altar of Gozag.
 12722 | D:12     | Noticed Azrael
 12747 | D:12     | Killed Azrael
 12787 | D:12     | Noticed a six-headed hydra
 12793 | D:12     | Killed a four-headed hydra
 13787 | D:12     | Noticed Snorg
 13792 | D:12     | Killed Snorg
 14031 | Lair:1   | Entered Level 1 of the Lair of Beasts
 14033 | Lair:1   | Noticed Grum
 14041 | Lair:1   | Killed Grum
 14368 | Lair:1   | Learned a level 1 spell: Summon Butterflies
 14513 | Lair:1   | Reached skill level 1 in Spellcasting
 15101 | Lair:1   | Reached skill level 1 in Summonings
 15101 | Lair:1   | Reached XP level 14. HP: 84/116 MP: 21/21
 16035 | Lair:2   | Learned a level 5 spell: Summon Mana Viper
 16324 | Lair:3   | Reached skill level 1 in Hexes
 16471 | Lair:3   | Found a hole to the Spider Nest.
 16477 | Lair:3   | Reached skill level 10 in Invocations
 17670 | Lair:5   | Found a staircase to the Swamp.
 19849 | Lair:7   | Reached XP level 15. HP: 122/122 MP: 22/22
 19865 | Lair:7   | Reached skill level 5 in Hexes
 20181 | Lair:7   | Reached skill level 5 in Summonings
 20604 | Lair:8   | Entered Level 8 of the Lair of Beasts
 20881 | Lair:8   | Found a staircase to the Slime Pits.
 21426 | Lair:8   | HP: 3/123 [death yak (6)]
 21426 | Lair:8   | Mangled by a catoblepas

Skill      XL: |  1  2  3  4  5  6  7  8  9 10 11 12 13 14 15 |
---------------+----------------------------------------------+-----
Invocations    | 1 2 3 4 5 6 7 8 9 10 | 10.7
Dodging        | 1 2 3 4 5 6 7 |  7.3
Shields        | 4 5 6 8 9 10 11 12 13 | 13.7
Fighting       | 4 5 6 7 8 10 11 12 13 | 13.1
Armour         | 4 5 6 7 8 10 11 12 | 12.9
Polearms       | 3 4 5 6 7 8 9 |  9.4
Spellcasting   | 1 4 |  4.8
Summonings     | 1 4 5 |  5.9
Hexes          | 4 6 |  6.8

Action                   |  1- 3 |  4- 6 |  7- 9 | 10-12 | 13-15 || total
-------------------------+-------+-------+-------+-------+-------++-------
Melee: Trident           |    97 |    85 |       |       |       ||   182
       Scythe            |       |       |   360 |       |       ||   360
       Glaive            |       |       |     6 |   704 |  1060 ||  1770
Invok: Slouch            |       |       |       |       |    12 ||    12
       Step From Time    |       |       |       |       |     1 ||     1
 Abil: Dig               |       |       |       |       |     2 ||     2
Evoke: Wand              |       |       |       |       |     3 ||     3
  Use: Scroll            |       |     1 |     9 |     6 |    14 ||    30
       Potion            |       |       |     1 |     1 |     3 ||     5
  Eat: Chunk             |       |     2 |     6 |    10 |    21 ||    39
       Fruit             |       |       |       |     6 |       ||     6
       Beef jerky        |       |       |       |     1 |       ||     1
Armor: Scale mail        |    28 |    13 |   122 |   235 |   209 ||   607
Dodge: Dodged            |    41 |    28 |   266 |   432 |   687 ||  1454
Block: Shield            |    39 |    33 |   292 |   644 |   541 ||  1549
       Large shield      |       |       |       |       |   784 ||   784
